[Event "Turnier 1900-2000 "]
[Site "?"]
[Date "2006.??.??"]
[Round "?"]
[White "Roma II, Mephisto"]
[Black "Elite V2, Fidelity"]
[Result "1-0"]
[ECO "A28"]
[WhiteElo "1970"]
[BlackElo "1993"]
[Annotator "Thomas Jäger"]
[PlyCount "145"]
[EventDate "2006.??.??"]
[TimeControl "300+2"]

{32MB, book.ctg, ANJATHOMAS} 1. c4 e5 2. Nc3 Nc6 3. Nf3 Nf6 4. e3 d6 5. d4 Bg4
{* letzter Buchzug} 6. d5 Ne7 7. Be2 {* letzter Buchzug} Ng6 8. O-O Bf5 9. Nd2
Bc8 {?!} 10. e4 Be7 11. Nb3 O-O 12. Be3 a5 13. a3 Bd7 14. c5 Nf4 15. Bxf4 exf4
16. Qd2 a4 17. Nc1 f3 18. Bxf3 dxc5 {Roma II steht klar besser} 19. e5 Ne8 20.
Qd3 Ra6 21. Qc2 h6 22. N1e2 Qa8 23. Be4 Qd8 24. Bh7+ Kh8 25. Bd3 Rb6 26. Rfc1
Bg5 27. f4 Be7 28. h3 Rg8 29. Kh1 g6 30. Ne4 Bf5 31. N2c3 Bd7 32. Ra2 Ng7 33.
Qf2 Qf8 34. Bc2 Ra6 35. Bd1 Nf5 36. Bg4 Ra5 37. Qd2 Qa8 38. Raa1 Qa6 39. Rc2 {
d6 war gut} Rg7 {beide spielen nicht optimal. Vor einigen Zügen war der
Vorteil von Roma noch viel größer} 40. Rac1 Rh7 41. Ne2 b6 42. Qc3 Rg7 43. Bxf5
Bxf5 44. N2g3 Bd7 45. Qd2 Kg8 46. Kh2 Rh7 47. Qf2 Qc8 48. Qf3 Rb5 49. Nd2 Bf8
50. Qe2 Ra5 51. Nde4 Bg7 52. Nf6+ Bxf6 53. exf6 c6 54. d6 Be6 55. f5 gxf5 56.
Qe5 c4 57. Qf4 Rc5 58. Nh5 Qd8 59. Re2 b5 60. Rcc2 Rd5 61. Red2 Kh8 {
ab jetzt 1 min/Z} 62. Rc3 Rxd2 63. Qxd2 c5 64. Re3 Qc8 {?} 65. Qa5 f4 66. Nxf4
c3 67. bxc3 b4 68. axb4 cxb4 69. Nxe6 fxe6 70. Qxb4 Rf7 71. Qxa4 Rxf6 72. Qd4
Qf8 73. Rxe6 1-0

[Event "Turnier 1900-2000 "]
[Site "?"]
[Date "2006.??.??"]
[Round "?"]
[White "Centurion, Saitek"]
[Black "Super Expert B 6 MHz, Novag"]
[Result "1/2-1/2"]
[ECO "D25"]
[WhiteElo "1978"]
[BlackElo "1919"]
[Annotator "Thomas Jäger"]
[PlyCount "141"]
[EventDate "2006.??.??"]
[TimeControl "300+2"]

{32MB, book.ctg, ANJATHOMAS} 1. d4 Nf6 2. Nf3 d5 3. c4 dxc4 4. e3 {
letzter Buchzug} Bg4 5. Bxc4 e6 6. Qb3 Bxf3
7. gxf3 Nbd7 8. Qxb7 c5 {letzter Buchzug} 9. Nd2 cxd4 10. exd4 a5 11. f4 Rb8
12. Qf3 Nb6 13. Bb5+ Nbd7 14. Qe2 Qb6 15. Bxd7+ Kxd7 {
?! mutig oder dumm?} 16. Qd3 Qb5 17. Qxb5+ Rxb5 18. Nf3 Bb4+ 19. Ke2 Rc8 20.
Rg1 g6 21. Ne5+ Ke8 22. Be3 Bf8 23. b3 Rbb8 24. Bd2 a4 25. bxa4 Rc2 26. Rgc1
Rcb2 27. Kd3 Ne4 28. Kxe4 Rxd2 29. Ke3 Rbb2 30. Rc8+ Ke7 31. Re1 Bg7 32. a5
Bxe5 33. dxe5 Rdc2 34. Rxc2 Rxc2 35. Rb1 Rc3+ 36. Ke4 Rc4+ 37. Kf3 Rc3+ 38. Kg4
Ra3 39. Kg5 h6+ 40. Kxh6 Rxa5 41. Rb2 Ra4 42. Kg5 Kd8 43. Rc2 Kd7 44. h3 Ke8
45. Rc7 Kf8 46. Rd7 Kg7 47. f5 gxf5 48. Rd2 Re4 49. f4 Re3 50. Kh4 Rf3 51. Rd4
Ra3 52. Rb4 Rxa2 53. Kh5 Rf2 54. Rd4 Rf3 55. Kh4 Kh6 56. Rb4 Kg6 57. Ra4 f6 58.
exf6 Kxf6 59. Rd4 Rc3 60. Rb4 Ra3 {ab jetzt 1min/Z} 61. Rc4 Rb3 62. Rc8 Rf3 63.
Rc4 Rd3 64. Rc7 Re3 65. Rc6 Re1 66. Rc3 Rg1 67. Rb3 Rg8 68. Rb2 Rg7 69. Rb8 Rg2
70. Rf8+ Kg7 71. Rd8 1/2-1/2

[Event "Turnier 1900-2000 "]
[Site "?"]
[Date "2006.??.??"]
[Round "?"]
[White "Elite V2, Fidelity"]
[Black "Roma II, Mephisto"]
[Result "0-1"]
[ECO "B02"]
[WhiteElo "1993"]
[BlackElo "1970"]
[Annotator "Thomas Jäger"]
[PlyCount "84"]
[EventDate "2006.??.??"]
[TimeControl "300+2"]

{32MB, book.ctg, ANJATHOMAS} 1. e4 Nf6 2. e5 Nd5 3. c4 Nb6 4. c5 Nd5 5. Nc3 e6
6. Nxd5 exd5 7. d4 d6 8. cxd6 cxd6 9. Nf3 Nc6 10. Be2 {*letzter Bchzug} dxe5 {
letzter Buchzug} 11. Nxe5 Bb4+ 12. Bd2 Qe7 13. Nxc6 bxc6 14. O-O O-O 15. Rc1
Bd7 16. Bd3 Bxd2 17. Qxd2 Rfe8 18. Rfe1 Qd6 19. b3 h6 20. Kh1 Qf6 21. f4 Rxe1+
22. Rxe1 Rb8 23. g3 Qd6 24. Qe3 Kf8 25. Qf2 Qb4 26. Re5 Qc3 27. Re3 Re8 28.
Rxe8+ Kxe8 29. Bf1 Bf5 30. Kg2 Be4+ 31. Kh3 Kf8 32. f5 Kg8 33. f6 g6 34. Ba6
Kh7 35. Bc8 Qb4 36. Bg4 h5 37. Bd1 Qc3 38. a4 Qd3 39. Be2 Qd2 40. g4 Bd3 41.
gxh5 Qxe2 42. Qxe2 Bxe2 0-1

[Event "Turnier 1900-2000 "]
[Site "?"]
[Date "2006.??.??"]
[Round "?"]
[White "Roma II, Mephisto"]
[Black "Elite V2, Fidelity"]
[Result "0-1"]
[ECO "D20"]
[WhiteElo "1970"]
[BlackElo "1993"]
[Annotator "Thomas Jäger"]
[PlyCount "86"]
[EventDate "2006.??.??"]
[TimeControl "300+2"]

{32MB, book.ctg, ANJATHOMAS} 1. d4 d5 2. c4
dxc4 3. e3 e5 4. Bxc4 exd4 5. exd4 {letzter Buchzug} Bb4+ 6. Nc3 Nf6 {
letzter Buchzug} 7. a3 Be7 8. Nf3 O-O 9. O-O Bg4 10. Qd3 Nc6 11. Ne2 Rb8 12.
Rd1 Bxf3 13. Qxf3 Ne5 14. Qb3 Nxc4 15. Qxc4 Bd6 16. Bd2 Re8 17. Rac1 Ng4 18. g3
Qf6 19. Rf1 Rbd8 20. h3 Nh6 21. Rfe1 Nf5 22. Kg2 c6 23. Rc3 Re4 24. Qd3 Rde8
25. Rc4 Qg6 26. Rc3 Nxd4 27. Nxd4 Rxe1 28. Bxe1 Rxe1 29. Nf5 Bf8 30. Rb3 b6 31.
Rc3 c5 32. Qd2 Qe6 33. Ne3 Qe4+ 34. f3 Qb1 35. h4 Rg1+ 36. Kf2 Rh1 37. f4 Qg1+
38. Kf3 Rh2 39. Ng2 {Th1!} Qf1+ 40. Qf2 Qd1+ 41. Ke4 f5+ 42. Ke3 Qd4+ 43. Ke2
Qe4+ 0-1

[Event "Turnier 1900-2000 "]
[Site "?"]
[Date "2006.??.??"]
[Round "?"]
[White "Super Expert B 6 MHz, Novag"]
[Black "Centurion, Saitek"]
[Result "1/2-1/2"]
[ECO "B14"]
[WhiteElo "1919"]
[BlackElo "1978"]
[Annotator "Thomas Jäger"]
[PlyCount "64"]
[EventDate "2006.??.??"]
[TimeControl "300+2"]

{32MB, book.ctg, ANJATHOMAS} 1. d4 c6 2. e4 d5 3. exd5 cxd5 4. c4 Nf6 5. Nc3 e6
6. Nf3 Be7 {letzter Buchzug} 7. Bg5 {letzter Buchzug} Nc6 8. Be2 dxc4 9. Bxc4
Qb6 10. Bb3 O-O 11. O-O Rd8 12. Be3 Na5 13. Na4 Qd6 14. Rc1 Nxb3 15. Qxb3 b6
16. Nc3 Bb7 17. Nb5 Qb4 18. Qxb4 Bxb4 19. Rc4 a5 20. Ne5 Ba6 21. a4 Nd5 22. Nc6
Rd7 23. Nxb4 Nxb4 24. Rfc1 Nd3 25. Rc7 Rxc7 26. Nxc7 Rc8 27. Rc2 Bb7 28. d5 Nb4
29. Rc3 Na2 30. Rc2 Nb4 31. Rc3 Na2 32. Rc2 Nb4 1/2-1/2

[Event "Turnier 1900-2000 "]
[Site "?"]
[Date "2006.??.??"]
[Round "?"]
[White "Elite V2, Fidelity"]
[Black "Roma II, Mephisto"]
[Result "1-0"]
[ECO "C15"]
[WhiteElo "1993"]
[BlackElo "1970"]
[Annotator "Thomas Jäger"]
[PlyCount "87"]
[EventDate "2006.??.??"]
[TimeControl "300+2"]

{32MB, book.ctg, ANJATHOMAS} 1. e4 e6 2. d4 d5 3. Nc3 Bb4 4. Nge2 dxe4 5. a3
Be7 6. Nxe4 Nf6 {letzter Buchzug} 7. N2g3 O-O 8. c3 Nc6 9. f4 {letzter Buchzug}
Nxe4 10. Nxe4 Bh4+ 11. g3 Be7 12. Bg2 a6 13. O-O Bd7 14. b4 Na7 15. Nc5 {
gibt den Vorteil aus der Hand} Bxc5 16. bxc5 Bc6 17. Bxc6 Nxc6 18. Rb1 b5 19.
cxb6 cxb6 20. a4 Rc8 21. Qd3 a5 22. Ba3 Re8 23. Qb5 Na7 24. Qb3 Qc7 25. Rf3 Qc6
26. Re3 Rb8 27. c4 Red8 28. Bb2 {d5!} Rdc8 29. Rc1 Re8 30. Ba3 Nc8 31. d5 exd5
32. cxd5 Rxe3 33. Qxe3 Qd7 34. Qe5 Rb7 35. f5 Kh8 {
? verliert schnell! Aber auch nach Sa7 stand der Roma schlecht} 36. Re1 {
f6 gewann sofort} h6 37. Bb2 f6 38. Qe8+ Qxe8 39. Rxe8+ Kh7 40. Rxc8 Rd7 41.
Bd4 Rxd5 42. Bxb6 Rxf5 43. Rc5 Rf3 44. Rxa5 1-0

[Event "Turnier 1900-2000 "]
[Site "?"]
[Date "2006.??.??"]
[Round "?"]
[White "Centurion, Saitek"]
[Black "Super Expert B 6 MHz, Novag"]
[Result "0-1"]
[ECO "A28"]
[WhiteElo "1978"]
[BlackElo "1919"]
[Annotator "Thomas Jäger"]
[PlyCount "98"]
[EventDate "2006.??.??"]
[TimeControl "300+2"]

{32MB, book.ctg, ANJATHOMAS} 1. c4 e5 2. Nf3 Nc6 3. Nc3 Nf6 4. e3 {
letzter Buchzug} Be7 5. Be2 O-O {letzter Buchzug} 6. d4 exd4 7. Nxd4 d6 8. O-O
Ne5 9. b3 d5 10. Nxd5 Nxd5 11. cxd5 Qxd5 12. Bb2 Rd8 13. Nb5 Nf3+ 14. Bxf3 Qxb5
15. Qc2 c6 16. Be4 Qh5 17. Rfd1 Bd6 18. h3 Be6 19. Rac1 Qh4 20. Rd4 Bc7 21.
Bxc6 {!?} Rxd4 22. Bxb7 Rb8 23. Bxd4 {? Dc7} (23. Qxc7 Rdd8 24. Qe5 Qh6 25. Be4
) 23... Rxb7 24. Qc6 Qe7 25. Rd1 Qd7 26. Qxd7 Bxd7 27. e4 Bb6 28. Bxb6 axb6 29.
f4 Kf8 30. Kf2 Ke7 31. Ke3 Rc7 32. a3 Rc3+ 33. Rd3 Rc2 34. Rd2 Rxd2 35. Kxd2
Bc6 36. Ke3 f5 37. e5 Bxg2 38. h4 Bd5 39. b4 Ke6 40. a4 Bb3 41. a5 bxa5 42.
bxa5 Bc4 43. Kd4 Bf1 44. Kc5 h6 45. Kb6 g5 46. fxg5 hxg5 47. hxg5 f4 48. g6 f3
49. g7 Kf7 0-1

[Event "Turnier 1900-2000 "]
[Site "?"]
[Date "2006.??.??"]
[Round "?"]
[White "Elite V2, Fidelity"]
[Black "Polgar, Mephisto"]
[Result "0-1"]
[ECO "A22"]
[WhiteElo "1993"]
[BlackElo "1970"]
[Annotator "Thomas Jäger"]
[PlyCount "76"]
[EventDate "2006.??.??"]
[TimeControl "300+2"]

{32MB, book.ctg, ANJATHOMAS} 1. c4 e5 2. Nc3 Nf6 3. g3 d5 4. cxd5 Nxd5 5. Bg2 {
letzter Buchzug} Nxc3 6. bxc3 Nc6 7. Bxc6+ bxc6 8. Nf3 Bd6 9. d4 e4 10. Ng5 Bf5
11. f3 Qe7 12. fxe4 Bxe4 13. O-O O-O 14. Nxe4 Qxe4 15. Rf2 c5 16. e3 f5 17.
Qb3+ Kh8 18. Qb1 cxd4 19. cxd4 Qg4 20. Qb7 Qd1+ 21. Kg2 Rae8 22. Rb1 a6 23.
Rfb2 f4 24. exf4 Re2+ 25. Rxe2 Qxe2+ 26. Kg1 g5 27. a3 {? nur Dg2} Re8 (27...
Qd1+ 28. Kg2 Qc2+ 29. Kg1 Re8 {-+}) 28. Bb2 gxf4 29. Qg2 Qxg2+
30. Kxg2 fxg3 31. d5+ Kg8 32. hxg3 Rb8 33. a4 Ba3 34. Bxa3 Rxb1 35. d6 cxd6 36.
Bxd6 Ra1 37. Kf3 Rxa4 38. Ke3 a5 {Polgar gewann leicht} 0-1

[Event "Turnier 1900-2000 "]
[Site "?"]
[Date "2006.??.??"]
[Round "?"]
[White "Super Expert B 6 MHz, Novag"]
[Black "Centurion, Saitek"]
[Result "1/2-1/2"]
[ECO "E12"]
[WhiteElo "1919"]
[BlackElo "1978"]
[Annotator "Thomas Jäger"]
[PlyCount "66"]
[EventDate "2006.??.??"]
[TimeControl "300+2"]

{32MB, book.ctg, ANJATHOMAS} 1. d4 Nf6 2. c4 e6 3. Nf3 b6 4. a3 d5 {
letzter Buchzug} 5. cxd5 exd5 6. Nc3 Bd6 7. Bg5 c6 8. e3 O-O 9. Bd3 Re8 10. O-O
{letzter Buchzug} Bg4 11. h3 Bh5 12. Bh4 Nbd7 13. e4 dxe4 14. Nxe4 Be7 15. Ng3
Bxf3 16. Qxf3 c5 17. Nf5 cxd4 18. Qd1 {?!} (18. Rfe1 Bf8 19. Rxe8 Qxe8 20. Bb5
Qc8 21. Bc6 Rb8 22. Bg3) 18... a6 19. Re1 Bf8 20. Rxe8 Qxe8 21. Nxd4 Bd6 22.
Rc1 Be5 23. Bc4 Rc8 24. Nf3 b5 25. Nxe5 Nxe5 26. Bxf6 Nxc4 27. b3 gxf6 28. bxc4
bxc4 29. Qg4+ Kf8 30. Qh4 Kg7 31. Qg4+ Kf8 32. Qh4 Kg7 33. Qg4+ Kf8 1/2-1/2

[Event "Turnier 1900-2000 "]
[Site "?"]
[Date "2006.??.??"]
[Round "?"]
[White "Polgar, Mephisto"]
[Black "Elite V2, Fidelity"]
[Result "1-0"]
[ECO "A27"]
[WhiteElo "1970"]
[BlackElo "1993"]
[Annotator "Thomas Jäger"]
[PlyCount "43"]
[EventDate "2006.??.??"]
[TimeControl "300+2"]

{32MB, book.ctg, ANJATHOMAS} 1. c4 e5 2. Nc3 Nc6 3. Nf3 {letzter Buchzug} d6 4.
e3 Nf6 5. d4 Bg4 6. d5 Ne7 7. e4 Ng6 8. Be2 Nf4 {
wie gegen den Roma II kommt der Elite in der gleichen Eröffnung in Nachteil} 9.
Bxf4 exf4 10. O-O Qe7 11. Re1 O-O-O {?! sieht nicht gut aus} 12. Qd4 Kb8 13. e5
Nh5 {eigentlich ist schwarze Position schon verloren!} 14. Nb5 b6 15. Qd1 Kb7
16. h3 Bd7 17. exd6 Qf6 18. Nfd4 Bxb5 19. Nxb5 a6 {Elite bewertet -5,27} 20.
dxc7 Rc8 21. d6 a5 {Elite gibt auf} 22. Bf3+ 1-0

[Event "Turnier 1900-2000 "]
[Site "?"]
[Date "2006.??.??"]
[Round "?"]
[White "Roma II, Mephisto"]
[Black "Super Expert B 6 MHz, Novag"]
[Result "1-0"]
[ECO "A27"]
[WhiteElo "1970"]
[BlackElo "1919"]
[Annotator "Thomas Jäger"]
[PlyCount "77"]
[EventDate "2006.??.??"]
[TimeControl "300+2"]

{32MB, book.ctg, ANJATHOMAS} 1. c4 e5 2. Nc3 Nc6 3. Nf3 g6 4. d4 exd4 5. Nxd4
Bg7 {letzter Buchzug} 6. Nxc6 bxc6 7. g3 {letzter Buchzug} Bxc3+ {?!} 8. bxc3
Nf6 9. Qd4 c5 {SEB sieht, dass er sehr schlecht steht und opfert Bauern} 10.
Qxc5 d6 {SEB bewertet -1,58 und hier mehr als 15 min gerechnet [%emt 0:00:00]}
11. Qe3+ {Roma +1.32} Be6 12. Bg2 Rb8 13. Qxa7 Bxc4 {
?! danach ist eigentlich aus!} 14. Bc6+ {Dd4 oder Lg5 sind wohl besser} Kf8 15.
e4 {wieder nicht gut} Kg7 16. Qd4 Bb5 17. Bxb5 Rxb5 18. c4 Re8 19. cxb5 {
einfacher ist f3 - jetzt hat der SEB Gegenchancen} Rxe4+ 20. Qxe4 Nxe4 21. O-O
Qf6 22. a4 d5 23. Bf4 c5 24. bxc6 {?!} Qxc6 25. a5 Nc5 26. Rfd1 Nb3 27. Ra3 Qc2
28. Re1 Qc4 29. Bd6 Qa6 30. Rxb3 Qxd6 31. Rb7 Qa6 32. Ree7 Qxa5 33. Rxf7+ Kh6
34. Rxh7+ Kg5 35. Kg2 Qa4 36. Rbe7 Qc2 37. h4+ Kg4 38. Re5 Qe4+ 39. Rxe4+ 1-0

[Event "Turnier 1900-2000 "]
[Site "?"]
[Date "2006.??.??"]
[Round "?"]
[White "Elite V2, Fidelity"]
[Black "Polgar, Mephisto"]
[Result "0-1"]
[ECO "C07"]
[WhiteElo "1993"]
[BlackElo "1970"]
[Annotator "Thomas Jäger"]
[PlyCount "88"]
[EventDate "2006.??.??"]
[TimeControl "300+2"]

{32MB, book.ctg, ANJATHOMAS} 1. e4 e6 2. d4 d5 3. Nd2 c5 4. exd5 Qxd5 5. Ngf3
cxd4 6. Bc4 Qd6 7. O-O Nf6 8. Nb3 Nc6 9. Nbxd4 Nxd4 10. Nxd4 a6 {
letzter Buchzug} 11. Bb3 Be7 12. c3 {letzter Buchzug} O-O 13. Qe2 b5 14. a4
bxa4 15. Bxa4 Bb7 16. Rd1 Qc7 17. g3 Rad8 18. Bf4 Qc5 19. Bc2 Qb6 20. Ra4 Nd5
21. Bc1 Rfe8 22. Bd3 Rd6 23. Nf3 Red8 24. Ne5 Nf6 25. Be3 Qc7 26. Rda1 {?!} Rd5
(26... Rxd3 {!} 27. Nxd3 Qc6 28. f3 Rxd3 29. Qxd3 Qxf3 30. Qd2 Qh1+ 31. Kf2
Ne4+ 32. Rxe4 Qxh2+ 33. Kf1 Qh1+ 34. Bg1 Qxe4) 27. Bd4 Bc5 28. Bc4 R5d6 29.
Bxc5 Qxc5 30. b4 Qc7 31. f3 {?!} (31. Bxa6 Ne4 32. Bxb7 Nxc3 33. Qf3 Nxa4 34.
Rxa4) 31... Rd2 32. Qe3 Rd1+ 33. Rxd1 Rxd1+ 34. Kf2 Nd5 35. Bxd5 Rxd5 36. f4 {
Ta5 mit Bauernverlust war fast erzwungen!} f6 37. Ng4 Qd7 38. b5 axb5 39. Ra7
h5 40. Rxb7 Qxb7 41. Qxe6+ Kf8 42. Nxf6 gxf6 43. Qxf6+ Qf7 44. Qxf7+ Kxf7 0-1

[Event "Turnier 1900-2000 "]
[Site "?"]
[Date "2006.??.??"]
[Round "?"]
[White "Super Expert B 6 MHz, Novag"]
[Black "Roma II, Mephisto"]
[Result "1-0"]
[ECO "A01"]
[WhiteElo "1919"]
[BlackElo "1970"]
[Annotator "Thomas Jäger"]
[PlyCount "107"]
[EventDate "2006.??.??"]
[TimeControl "300+2"]

{32MB, book.ctg, ANJATHOMAS} 1. b3 d5 {letzter Buchzug} 2. e3 {letzter Buchzug}
Nf6 3. Bb2 Bg4 4. Be2 Bxe2 5. Qxe2 c6 6. Nf3 Nbd7 7. O-O e6 8. c4 Bd6 9. d3
dxc4 10. bxc4 O-O 11. Nbd2 Qc7 12. Rfd1 Rac8 13. Rab1 Ng4 14. h3 Ngf6 15. Ng5
Bh2+ 16. Kh1 Bd6 17. Nge4 e5 18. Nxd6 Qxd6 19. Bc3 b6 20. a4 Nc5 21. Nf3 Nfd7
22. a5 Na4 23. Bb4 c5 24. Qa2 bxa5 25. Bxa5 Nab6 26. Kg1 Qe7 27. Bc3 Rc7 28.
Rd2 f5 29. Rdb2 e4 30. dxe4 fxe4 31. Nd2 Ne5 32. Nf1 Nd3 33. Rc2 Qd6 34. Rd2
Qe6 35. Ba5 Rcf7 36. Bxb6 axb6 37. f4 Nb4 38. Qb3 Rd7 39. Rxd7 Qxd7 40. Ng3 Qd3
41. Kh2 Ra8 42. Nf5 Qd7 43. Ng3 Qe7 44. Qb2 Ra2 45. Nf5 Qc7 46. Qc3 Rc2 47. Qa3
Kf7 {?} 48. Qa8 g6 {?} 49. Qh8 Ke6 50. Ng7+ Kf7 51. Qxh7 Qd8 {Roma -9,60} 52.
Rd1 Nd3 53. Nh5+ Ke8 54. Qxg6+ 1-0

[Event "Turnier 1900-2000 "]
[Site "?"]
[Date "2006.??.??"]
[Round "?"]
[White "Polgar, Mephisto"]
[Black "Elite V2, Fidelity"]
[Result "0-1"]
[ECO "C02"]
[WhiteElo "1970"]
[BlackElo "1993"]
[Annotator "Thomas Jäger"]
[PlyCount "142"]
[EventDate "2006.??.??"]
[TimeControl "300+2"]

{32MB, book.ctg, ANJATHOMAS} 1. e4 e6 2. d4 d5 3. e5 c5 4. c3 Nc6 5. Nf3 Qb6 6.
Be2 cxd4 7. cxd4 Nh6 8. Nc3 {letzter Buchzug} Nf5 {letzter Buchzug} 9. Na4 Bb4+
10. Kf1 Qc7 11. g4 Nh6 12. Bxh6 gxh6 13. Rc1 f6 14. exf6 O-O 15. Rg1 Kh8 16. g5
hxg5 17. Rxg5 Qf4 18. Rg2 Bd6 {e5!} 19. Nc5 Qxf6 20. Qd3 Rf7 21. Ke1 b6 22. Nb3
Bb7 23. Qb5 Rc8 24. a3 Rg7 {e5!} 25. Rxg7 Qxg7 26. Rc3 Qg2 27. Bf1 Qg6 28. Qd3
Qh6 29. h3 Qf6 30. Qc2 Rg8 31. Bb5 Ne7 32. Nbd2 a6 33. Be2 Nf5 34. Qd3 b5 35.
Bf1 b4 36. axb4 Bxb4 37. Rc7 Rg7 38. Rxg7 Qxg7 39. Be2 Ba5 40. Bf1 Bb6 41. Nb3
Nd6 42. Qe3 Ne4 43. Bd3 Bd8 44. Nbd2 Ba5 45. Kd1 Qg6 {
Elite stand lange besser, jetzt nicht mehr} 46. Bxe4 dxe4 47. Qf4 Bd5 48. Ng5
Qf5 49. Qb8+ Kg7 50. Qg3 Bxd2 51. Nf3+ Qg6 52. Qe5+ {?!} Kh6 53. Nxd2 Qh5+ 54.
Ke1 Qxe5 55. dxe5 Kg5 56. Ke2 Kf4 57. Nb1 Bc4+ 58. Kd2 h5 59. Nc3 h4 60. Ke1
Kxe5 {ab jetzt 1 min/Z} 61. Nd1 Kf4 62. Ne3 Bb5 63. Ng4 e5 64. Ne3 Bd7 65. Nd5+
Kf3 66. Ne7 Bxh3 67. Ng6 Kg4 68. Nxe5+ Kf4 69. Ng6+ Kg5 70. Ne5 Bg2 71. Nf7+
Kf4 {Polgar gibt mit Sh8 auf} 0-1

[Event "Turnier 1900-2000 "]
[Site "?"]
[Date "2006.??.??"]
[Round "?"]
[White "Roma II, Mephisto"]
[Black "Super Expert B 6 MHz, Novag"]
[Result "1/2-1/2"]
[ECO "C68"]
[WhiteElo "1970"]
[BlackElo "1919"]
[Annotator "Thomas Jäger"]
[PlyCount "154"]
[EventDate "2006.??.??"]
[TimeControl "300+2"]

{32MB, book.ctg, ANJATHOMAS} 1. e4 e5 2. Nf3 Nc6 3. Bb5 a6 4. Bxc6 dxc6 5. d3
Bd6 6. Nbd2 {letzter Buchzug} Ne7 7. O-O f6 8. Nc4 Be6 {letzter Buchzug} 9. Be3
Qd7 10. a3 O-O 11. Re1 Rad8 12. Na5 b6 13. Nb7 Rb8 14. Nxd6 cxd6 15. c3 f5 16.
Ng5 h6 17. Nxe6 Qxe6 18. Qh5 Qb3 19. Bc1 fxe4 20. dxe4 Kh7 21. Bg5 Rb7 22. Re2
Qf7 23. Qxf7 Rxf7 24. Bxe7 Rbxe7 25. Rd1 Rd7 26. Red2 Rf6 27. f3 Kg6 28. Kf2
Kf7 29. c4 Ke6 30. Ke3 b5 31. b3 bxc4 32. bxc4 Rff7 33. Rb1 Rb7 34. Rdb2 Rxb2
35. Rxb2 Ra7 36. g3 Kd7 37. f4 Ke6 38. h4 g6 39. Rb6 Kd7 40. Rb8 exf4+ 41. gxf4
Ke6 42. h5 g5 43. f5+ Kf7 44. Rd8 d5 45. cxd5 cxd5 46. Rxd5 Rc7 47. Rd6 Rc3+
48. Kd4 Rxa3 49. Rxh6 Ra4+ 50. Ke5 Ra5+ 51. Kd6 Rb5 52. Rg6 Rb6+ 53. Kc7 Rxg6
54. hxg6+ Kg7 55. e5 g4 56. e6 g3 57. e7 g2 58. e8=Q g1=Q 59. Qe5+ Kh6 60. Kb7
Qg2+ {ab jetzt 1 min/Z} 61. Kb6 Qf2+ 62. Kxa6 Qf1+ 63. Kb6 Qb1+ 64. Kc6 Qc2+
65. Kd7 Qa4+ 66. Ke7 Qa7+ 67. Kd8 Qa8+ 68. Kc7 Qa7+ 69. Kc6 Qa6+ 70. Kc5 Qa5+
71. Kd6 Qa6+ 72. Kd5 Qa2+ 73. Kd4 Qb2+ 74. Ke4 Qe2+ 75. Kd5 Qa2+ 76. Kc6 Qa6+
77. Kd5 Qa2+ 1/2-1/2

[Event "Turnier 1900-2000 "]
[Site "?"]
[Date "2006.??.??"]
[Round "?"]
[White "Centurion, Saitek"]
[Black "Polgar, Mephisto"]
[Result "0-1"]
[ECO "E12"]
[WhiteElo "1978"]
[BlackElo "1970"]
[Annotator "Thomas Jäger"]
[PlyCount "106"]
[EventDate "2006.??.??"]
[TimeControl "300+2"]

{32MB, book.ctg, ANJATHOMAS} 1. d4 Nf6 2. c4 e6 3. Nf3 b6 4. a3 {
letzter Buchzug} Bb7 5. Nc3 d5 {letzter Buchzug} 6. e3 c5 7. cxd5 exd5 8. Bb5+
Nbd7 9. dxc5 bxc5 10. Ne5 a6 11. Ba4 Bd6 12. Nxd7 Nxd7 13. Nxd5 O-O 14. Bxd7
Bxd5 15. Qxd5 Qxd7 16. Bd2 Rfe8 17. Rd1 Qc7 18. Bc3 Rad8 19. Qc4 Ra8 20. Rd5
Re6 21. g3 Be7 22. O-O Bd6 23. Rfd1 Rae8 24. Qd3 Bf8 25. Rd7 Qc6 26. Qd5 Qxd5
27. R7xd5 f6 28. Rd7 R8e7 29. h4 Rxd7 30. Rxd7 Re7 31. Rd6 Ra7 32. Rc6 Kf7 33.
Kg2 Ke8 34. Rc8+ Kf7 35. Kf3 Bd6 36. Ke4 Ke6 37. Kd3 f5 38. Kc4 g6 39. b3 Kd7
40. Rg8 Kc6 41. h5 gxh5 42. Rg5 h4 43. gxh4 Rf7 44. h5 Be7 45. Rg8 Bd6 46. Ra8
Kb7 47. Rd8 Kc7 48. Ba5+ Kc6 49. Rc8+ Kb7 50. Rg8 Kc6 51. Ra8 Kb7 52. Rh8 Kc6
53. Rxh7 {?? der berühmte h7 Fehler, an den ich erst dachte, als ich es sah}
Rxh7 0-1

[Event "Turnier 1900-2000 "]
[Site "?"]
[Date "2006.??.??"]
[Round "?"]
[White "Super Expert B 6 MHz, Novag"]
[Black "Roma II, Mephisto"]
[Result "1/2-1/2"]
[ECO "D47"]
[WhiteElo "1919"]
[BlackElo "1970"]
[Annotator "Thomas Jäger"]
[PlyCount "94"]
[EventDate "2006.??.??"]
[TimeControl "300+2"]

{32MB, book.ctg, ANJATHOMAS} 1. d4 d5 2. c4 c6 3. Nc3 Nf6 4. Nf3 e6 5. e3 Nbd7
6. Bd3 dxc4 7. Bxc4 b5 8. Bd3 Bb7 9. e4 b4 10. Na4 c5 {letzter Buchzug} 11. e5
Bxf3 12. Qxf3 Nd5 13. Be4 cxd4 14. Bxd5 {letzter Buchzug} exd5 15. Qxd5 Rc8 16.
Bf4 Nc5 17. Qxd8+ Rxd8 18. Nxc5 Bxc5 19. Rc1 Rd5 20. h3 d3 21. Kd2 O-O 22. f3
Rc8 23. Bg3 Rc6 24. Bf2 Rxe5 25. Bd4 Rd5 26. Rhe1 f5 27. Bxc5 Rcxc5 28. Rxc5
Rxc5 29. Kxd3 Kf7 30. Re2 Kf6 31. g4 g5 32. Kd4 Rc7 33. Re8 fxg4 34. hxg4 Rc2
35. Rf8+ Ke6 36. Ra8 Rxb2 37. Rxa7 b3 38. axb3 Rxb3 39. Ke4 Rb4+ 40. Ke3 Rb3+
41. Kf2 Rb2+ 42. Kg3 h6 43. Ra6+ Kf7 44. Rxh6 Rc2 45. Ra6 Ke7 46. Rg6 Rc5 47.
Rb6 Rc2 {auch nach weiteren Zügen kommt SEB nicht voran.} 1/2-1/2

[Event "Turnier 1900-2000 "]
[Site "?"]
[Date "2006.??.??"]
[Round "?"]
[White "Polgar, Mephisto"]
[Black "Centurion, Saitek"]
[Result "0-1"]
[ECO "B01"]
[WhiteElo "1970"]
[BlackElo "1978"]
[Annotator "Thomas Jäger"]
[PlyCount "118"]
[EventDate "2006.??.??"]
[TimeControl "300+2"]

{32MB, book.ctg, ANJATHOMAS} 1. e4 d5 2. exd5 Nf6 3. d4 Nxd5 4. Nf3 g6 {
letzter Buchzug} 5. Be2 Bg7 6. O-O O-O 7. c4 {letzter Buchzug} Nb6 8. Be3 c5 9.
Nc3 cxd4 10. Nxd4 Nc6 11. Nxc6 bxc6 12. Qb3 Qc7 13. c5 Nd7 14. Rad1 Rb8 15. Qa3
Rd8 16. Bg5 f6 17. Bh4 e6 18. b4 Kh8 {
Df4 sieht gut aus, verliert aber wohl nach b5!} 19. Rd6 Nf8 20. Ne4 Rxd6 21.
cxd6 Qf7 22. f4 {?!} f5 23. Ng5 {?!} Qb7 24. Rd1 Qxb4 25. Qxa7 Qb6+ 26. Qxb6
Rxb6 27. Bf3 Kg8 28. Bf2 Ra6 29. a3 h6 {Polgars Vorteil ist dahin!} 30. Nh3 Nd7
31. Be2 {?! wieder nicht gut - Ld4!} Rxa3 32. Bc4 Kf7 33. Re1 Nf6 34. Rc1 Ne4
35. Bf1 Bd7 36. Rb1 Ra8 37. Be3 Rd8 38. Rb7 Nxd6 39. Ra7 e5 40. fxe5 Bxe5 41.
Nf2 Bg7 42. g4 Ke6 43. Bg2 Nc4 44. gxf5+ gxf5 45. Bc5 Ne5 46. Bf1 f4 {?!} 47.
Bh3+ Kd5 {!} 48. Bb6 Rb8 49. Bxd7 Rxb6 50. Bxc6+ Rxc6 51. Rxg7 Rc2 52. Kg2 h5
53. Rg5 {?} Kd4 54. Kf1 f3 55. Nd1 Rd2 56. Ne3 Nd3 57. Nf5+ Kc3 58. Ne3 Re2 59.
Ng2 Rb2 0-1